 Dungeon Crawl Stone Soup version 0.20-a0-785-g17250f0 (webtiles) character file.

26 nono the Chucker (level 3, -4/18 HPs)
             Began as a Vine Stalker Hunter on Feb 27, 2017.
             Slain by Sigmund
             ... wielding a +0 scythe
              (5 damage)
             ... on level 3 of the Dungeon.
             The game lasted 00:04:24 (582 turns).

nono the Chucker (Vine Stalker Hunter)               Turns: 582, Time: 00:04:24

Health: -4/18      AC:  7    Str: 15    XL:     3   Next: 8%
Magic:  0/4        EV:  9    Int: 11    God:
Gold:   107        SH:  7    Dex: 14    Spells: 2/2 levels left

rFire    . . .     SeeInvis .   l - +1 dagger (protect)
rCold    . . .     Gourm    .   b - +0 leather armour
rNeg     . . .     Faith    .   j - +0 shield
rPois    .         Spirit   +   (no helmet)
rElec    .         Reflect  .   i - +2 cloak
rCorr    .         Harm     .   m - +0 pair of gloves
MR       .....                  (no boots)
Stlth    ++........             (no amulet)
Regen    0.1/turn               (no ring)
MPRegen  0.1/turn               (no ring)

@: no status effects
A: fangs 2, magic shield, antimagic bite, no potion heal 3, rot immunity
a: no special abilities


You were on level 3 of the Dungeon.
You were not hungry.

You visited 1 branch of the dungeon, and saw 3 of its levels.

You collected 107 gold pieces.

Inventory:

Hand Weapons
 a - a +0 short sword
 l - a +1 dagger of protection (weapon)
Missiles
 c - 5 javelins (quivered)
Armour
 b - a +0 leather armour (worn)
 h - a scarf of spirit shield
 i - a +2 cloak (worn)
 j - a +0 shield (worn)
 m - a +0 pair of gloves (worn)
Scrolls
 e - a scroll of fear {unknown}
 k - a scroll of magic mapping {unknown}
 n - a scroll of enchant weapon {unknown}
Comestibles
 f - a bread ration
 g - 2 royal jellies


   Skills:
 - Level 1.7 Fighting
 + Level 4.4 Throwing
 - Level 1.5 Dodging
 - Level 1.2 Stealth


You had 2 spell levels left.
You didn't know any spells.

Dungeon Overview and Level Annotations

Branches:
Dungeon (3/15)

Altars:
Ashenzari
Xom

Annotations:
D:3 Sigmund; nono's ghost, weakling VSHu


Innate Abilities, Weirdness & Mutations

You have extremely sharp teeth.
When hurt, damage is shared between your health and your magic reserves.
Your bite disrupts and absorbs the magic of your enemies.
Potions cannot restore your health.
You are immune to rotting.


Message History

You feel invigorated.
Something wriggles in the net.
You hit something.
Something wriggles in the net.
You barely miss something. You hit something.
Something wriggles in the net.
Your shield prevents you from hitting something.
You bite something. You drain its magic.
You feel invigorated.
Something wriggles in the net.
You closely miss something. You hit something but do no damage.
You bite something.
Something wriggles in the net.
All of a sudden the net rips apart!
You hit something but do no damage. You block something's attack.
You closely miss something. Something hits you but does no damage.
You barely miss something. You bite something. You drain its magic.
You miss something. You bite something. You drain its magic.
Something hits you!
* * * LOW HITPOINT WARNING * * *
You aren't carrying any items that you can evoke.
You aren't carrying any potions.
You closely miss something. Something hits you!
You die...

....... . #. .....
..##. #..## #....#
#...## #..#..
#....####
......###.......#
.......(#.......#
..$.....{.......#
........#@......###
..@.....#...........
....g...#..#.#######
........#..#.#
...........#.#
........##.#.#
.......<##.#.# ..
........##.#.# ..
>.......##....


There were no monsters in sight!

Vanquished Creatures
  A leopard gecko (D:2)
  An orc (D:3)
  A giant cockroach (D:2)
  3 goblins
  5 hobgoblins
  3 bats
  5 kobolds
  4 rats
23 creatures vanquished.

Notes
Turn   | Place    | Note
-------+----------+-------------------------------------------
     0 | D:1      | nono the Vine Stalker Hunter began the quest for the Orb.
     0 | D:1      | Reached XP level 1. HP: 11/11 MP: 2/2
   233 | D:2      | Reached skill level 4 in Throwing
   233 | D:2      | Reached XP level 2. HP: 15/15 MP: 3/3
   333 | D:3      | Found a shimmering altar of Xom.
   404 | D:3      | Noticed nono's ghost (weakling VSHu)
   415 | D:2      | Found a shattered altar of Ashenzari.
   530 | D:3      | Reached XP level 3. HP: 9/18 MP: 4/4
   548 | D:3      | Noticed Sigmund
   582 | D:3      | Slain by Sigmund

Vault maps used:
D:1:      mrwooster_arrival_statue_3
D:2:      minmay_misc_feat_hallway, evilmike_ruin_ashenzari
D:3:      brannock_xom_greatest_gift, minivault_4, serial_bayou_crossing,
          uniq_sigmund

Skill      XL: |  1 |
---------------+----+-----
Throwing       | 4 |  4.4
Fighting       | |  1.7
Dodging        | |  1.5
Stealth        | |  1.2

Action                   || total
-------------------------++-------
Melee: Short sword       ||    37
       Bite              ||    24
       Dagger            ||    32
Throw: Javelin           ||    12
       Throwing net      ||     2
 Stab: Sleeping          ||     2
Armor: Leather armour    ||    15
Dodge: Dodged            ||    40
Block: Shield            ||    11
